 Dungeon Crawl Stone Soup version 0.28-a0-1594-ga885d4b3d6 (webtiles) character file.

Game seed: 6978254874749258305

527 Hasart the Slasher (level 6, -1/51 (52) HPs)
             Began as a Demigod Fighter on Jan 20, 2022.
             Killed by divine providence
             ... invoked by an orc priest
              (12 damage)
             ... on level 4 of the Dungeon.
             The game lasted 00:06:09 (4294 turns).

Hasart the Slasher (Demigod Fighter)                Turns: 4294, Time: 00:06:10

HP:   -1/51 (52)    AC: 11    Str: 17    XL:     6   Next: 71%
MP:   8/8           EV: 13    Int: 10    God:
Gold: 170           SH:  6    Dex: 21    Spells: 5/5 levels left

rFire   . . .      SeeInvis .   a - +0 long sword
rCold   . . .      Faith    .   c - +0 buckler
rNeg    . . .      Spirit   .   b - +0 scale mail
rPois   .          Reflect  .   (no helmet)
rElec   .          Harm     .   (no cloak)
rCorr   .          Rampage  .   (no gloves)
Will    .....                   (no boots)
Stlth   ..........              (no amulet)
HPRegen 0.17/turn               g - +4 ring of evasion
MPRegen 0.11/turn               n - +4 ring of protection

@: lightly drained
A: high mp 1, forlorn, divine attributes
a: no special abilities


You were on level 4 of the Dungeon.
You visited 1 branch of the dungeon, and saw 4 of its levels.

You collected 230 gold pieces.
You spent 60 gold pieces at shops.

Inventory:

Hand Weapons
 a - a +0 long sword (weapon)
Missiles
 l - 2 poisoned darts (quivered)
 m - 2 throwing nets
Armour
 b - a +0 scale mail (worn)
 c - a +0 buckler (worn)
Jewellery
 g - a +4 ring of evasion (left hand)
 k - a +4 ring of evasion
 n - a +4 ring of protection (right hand)
Scrolls
 h - 4 scrolls of identify
Potions
 d - a potion of might
 e - 2 potions of cancellation {unknown}
 f - 2 potions of curing
 i - 2 potions of heal wounds
 j - 2 potions of ambrosia {unknown}
 o - a potion of haste {unknown}


   Skills:
 + Level 4.0 Fighting
 * Level 4.4 Long Blades
 + Level 0.7 Throwing
 + Level 3.9 Armour
 + Level 1.0 Dodging
 + Level 3.9 Shields


You had 5 spell levels left.
You didn't know any spells.
Your spell library contained the following spells:

 Spells                   Type           Power      Damage    Failure   Level
 Alistair's Intoxication  Tmut/Pois      0%         N/A       100%        5
 Borgnjor's Vile Clutch   Necr/Erth      0%         N/A       100%        5
 Eringya's Noxious Bog    Tmut/Pois      0%         N/A       100%        6


Dungeon Overview and Level Annotations

Branches:
Dungeon (4/15)
 Temple: D:4-7

Shops:
D:1 (   D:3 !   D:4 (


Innate Abilities, Weirdness & Mutations

You have an increased reservoir of magic. (+10% MP)
You shall have no god before yourself.
Your divine heritage dramatically boosts your attributes as you level up.


Message History

The puff of flame misses you.
The orc priest begins to cast a cantrip, but forgets the words!
The orc wizard misses you. The orc misses you.
You miss the orc wizard.
The orc wizard gestures at you while chanting.
You resist with some effort.
You closely miss the orc wizard.
The orc wizard hits you but does no damage.
You feel drained. The orc priest barely misses you.
The orc wizard casts a spell at you.
You are confused.
Unknown command.
The orc throws a boomerang.
The boomerang closely misses you.
The orc priest calls upon Beogh to heal the orc.
The orc's wounds heal themselves!
The orc throws a boomerang.
The boomerang barely misses you.
You bump into the rock wall.
You feel less confused.
The orc wizard gestures at you while chanting.
The puff of flame hits you but does no damage.
The orc throws a boomerang.
The boomerang hits you but does no damage.
You block the orc wizard's attack.
The orc priest invokes the aid of Beogh against you.
Pain shoots through your body! The orc wizard casts a spell at you.
The magic dart hits you.
The orc wizard gestures wildly while chanting.
The orc wizard flickers and vanishes!
Deactivating autopickup; reactivate with Ctrl-A.
The orc priest calls down the wrath of Beogh upon you.
Beogh smites you!
Items here: ))) ÷÷÷.
The orc priest begins to cast a cantrip, but forgets the words!
The orc priest invokes the aid of Beogh against you.
Beogh smites you!
* * * LOW HITPOINT WARNING * * *
The orc priest invokes the aid of Beogh against you.
Beogh smites you!
You die...

###.# #.# ....# #.# ##### #.#
####### #.# ......# #†#
#####.# #.# #...#.# #.#
#.#.#.####################.##
#.......go..o...@...(.......#
#...#.#######################
#.###.# #......# #.#
#o#####.####.# ..#
#...o.o....#.# ..#
#######g#.##.#
..#########.#....#
........>...######
.####.##o####


You could see an orc priest and an orc.

Vanquished Creatures
  Grinder (D:3)
  A black bear (D:4)
  A hound (D:4)
  Ijyb (D:3)
  7 gnolls
  4 adders
  2 dart slugs (D:2)
  An orc (D:3)
  4 bats
  7 endoplasms
  A giant cockroach (D:2)
  6 goblins
  14 hobgoblins
  2 jackals (D:2)
  5 kobolds
  2 quokkas
  4 ball pythons
  8 frilled lizards
  8 rats
79 creatures vanquished.

Vanquished Creatures (others)
  A plant (D:1)
1 creature vanquished.

Grand Total: 80 creatures vanquished

Notes
Turn   | Place    | Note
-------+----------+-------------------------------------------
     0 | D:1      | Hasart the Demigod Fighter began the quest for the Orb.
     0 | D:1      | Reached XP level 1. HP: 18/18 MP: 3/3
   285 | D:1      | Reached XP level 2. HP: 17/25 MP: 4/4
   491 | D:1      | Found Oryoff's Weapon Emporium.
  1537 | D:1      | Reached XP level 3. HP: 31/31 MP: 5/5
  2728 | D:3      | Reached XP level 4. HP: 36/38 MP: 6/6
  2756 | D:3      | Found Qext's Distillery.
  2853 | D:3      | Bought a potion of heal wounds for 60 gold pieces
  2962 | D:3      | Noticed Grinder
  3101 | D:3      | Killed Grinder
  3102 | D:3      | Reached XP level 5. HP: 24/46 MP: 7/7
  3173 | D:3      | Reached XP level 6. HP: 39/52 MP: 8/8
  3425 | D:3      | Noticed Ijyb
  3448 | D:3      | Paralysed by Ijyb for 2 turns
  3456 | D:3      | Killed Ijyb
  3843 | D:4      | Found Pyel's Firing Range.
  4060 | D:4      | Reached skill level 1 in Dodging
  4294 | D:4      | Killed from afar by an orc priest

Illustrated notes

Levels and vault maps discovered:
D:1:      denvon_arrival_planthouse, layout_basic, serial_shops, shop,
          dreamdust_ecumenical_altar_hidden_monk_grotto, minmay_pentomino_w2
D:2:      layout_loops_ring
D:3:      layout_rooms, serial_shops, shop_coins, minmay_misc_feat_hallway,
          uniq_grinder, uniq_ijyb
D:4:      layout_basic, nicolae_shop_firing_range, uniq_robin

Skill      XL: |  1  2  3  4  5  6 |
---------------+-------------------+-----
Long Blades    | 2 4 |  4.4
Fighting       | 3 4 |  4.0
Shields        | 3 |  3.9
Armour         | 3 |  3.9
Dodging        | 1 |  1.0
Throwing       | |  0.7

Action                   |  1- 3 |  4- 6 || total
-------------------------+-------+-------++-------
Melee: Long sword        |   178 |   142 ||   320
Throw: Dart              |       |     1 ||     1
  Use: Scroll            |     1 |     1 ||     2
Armor: Scale mail        |    66 |    39 ||   105
Dodge: Dodged            |   117 |   114 ||   231
Block: Buckler           |    52 |    49 ||   101

Table legend: (Time is in decaauts)
 A = Elapsed time spent in this place.
 B = Non-inter-level travel time spent in this place.
 C = Inter-level travel time spent in this place.
 D = Time resting spent in this place.
 E = Time spent auto-exploring this place.
 F = Levels seen in this place.
 G = Mean time per level.
                   A        B        C        D        E       F      G
               +--------+--------+--------+--------+--------+-----+--------+
         Total |   4384 |   4296 |     88 |    352 |   3124 |   4 | 1096.0 |
       Dungeon |   4384 |   4296 |     88 |    352 |   3124 |   4 | 1096.0 |
               +--------+--------+--------+--------+--------+-----+--------+

Top non-repeatable levels by time:
     D:1: 1693 daAuts
     D:2: 1055 daAuts
     D:3: 971 daAuts
     D:4: 664 daAuts
